AoeStats
← Ockda_Nakis

Arabian Desert

510091289Analyzed
1v1 RM · 2d ago on Sep 29, 2026· 58m 24s· 2 players
Game mode
Random Map
Map size
Tiny (2 player)
Population
200
Speed
Normal
Resources
Standard
Victory
Conquest
Starting age
Dark Age
Ending age
Imperial Age
RankedLock teamsTeams togetherTeam positionsShared explorationLock speedFull tech treeHidden civsTurbo modeCheats
Victory
Defeat
🇺🇸 Malay · United States
1086
+18
🇪🇸 Magyars · Spain
1122
-18
columbus_uncle
6:51 Loom
7:01 Loom
10:34 Feudal Age
13:35 Double-Bit Axe
13:36 Horse Collar
15:19 Fletching
23:41 Castle Age
22:25 Scale Barding Armor
23:04 Forging
23:02 Gold Mining
24:34 Iron Casting
24:51 Bodkin Arrow
24:58 Padded Archer Armor
26:56 Leather Archer Armor
27:06 Elite Skirmisher
28:53 Thumb Ring
30:28 Ballistics
31:01 Light Cavalry
35:26 Thumb Ring
38:45 Crossbowman
41:25 Iron Casting
43:48 Wheelbarrow
42:58 Town Watch
46:33 Imperial Age
46:32 Bracer
47:03 Ring Archer Armor
47:36 Chemistry
47:09 Cavalier
51:08 Husbandry
52:10 Blast Furnace
51:36 Hand Cart
Ockda_Nakis
6:18 Loom
9:28 Feudal Age
10:07 Double-Bit Axe
21:27 Castle Age
19:45 Horse Collar
20:28 Fletching
21:48 Bloodlines
21:40 Gold Mining
22:08 Padded Archer Armor
22:05 Bodkin Arrow
24:42 Bow Saw
24:33 Heavy Plow
28:53 Husbandry
35:59 Thumb Ring
42:55 Fervor
43:09 Sanctity
43:41 Scale Barding Armor
43:55 Leather Archer Armor
44:40 Wheelbarrow
47:00 Elite Skirmisher
48:21 Scale Barding Armor
51:39 Ballistics
54:52 Hand Cart
54:23 Town Watch
Connection lost

Rejoining the realm…

Still unreachable

The connection could not be restored.

Session expired

The server has moved on; the page needs a fresh start.